Cogmind - Beta 14 @@@ ROGUE MODE // 2024.08.22 @ 17:24:25 Player: saltine Result: Destroyed by H-61 Shepherd with Heavy Assault Cannon Performance ------------- Evolutions (2) 1000 Regions Visited (3) 600 Robots Destroyed (27) 135 Value Destroyed (819) 819 Prototype IDs (0) 0 Alien Tech Used (0) 0 Bonus (0) 0 TOTAL SCORE: 2554 Bonus ------- None Cogmind --------- Core Integrity 0/550 Matter 257/300 Energy 99/100 System Corruption 0% Temperature Cool (0) Movement Core (50) Location -8/Materials Parts ------- > --- POWER (1) -------- (None) > --- PROPULSION (4) --- (None) > --- UTILITY (4) ------ (None) > --- WEAPON (2) ------- Backup Laser I > --- INVENTORY (5) ---- Light Deuterium Engine Large Storage Unit Insulated Plating Backup Laser I Particle Cannon Peak State ------------ > --- POWER ------------ Ion Engine > --- PROPULSION ------- Light Treads Light Treads > --- UTILITY ---------- Improved Heat Sink Medium Storage Unit > --- WEAPON ----------- Spread Laser Spread Laser > --- INVENTORY -------- Ion Engine Light Treads Light Treads Compact Wheel Light Armor Plating Light Armor Plating Particle Cannon Particle Cannon Grenade Launcher Grenade Launcher [Rating: 12] Favorites ----------- Power Ion Engine Engine Ion Engine Propulsion Light Treads Treads Light Treads Leg Aluminum Leg Hover Unit Backup Propulsion I Utility Medium Storage Unit Device Improved Heat Sink Storage Medium Storage Unit Protection Light Armor Plating Weapon Spread Laser Energy Gun Spread Laser Energy Cannon Particle Cannon Ballistic Gun Light Assault Rifle Launcher Grenade Launcher Build | -11 -10 -10 -8 ------- Run | Yrd Mat Sub Mat Slots Evolved 4 | . . . 4 Power . | . . . . Propulsion 2 | . . . 2 Utility 2 | . . . 2 Weapon . | . . . . Parts Attached 42 | 3 22 5 12 Power 2 | . . 1 1 Engine 2 | . . 1 1 Core . | . . . . Reactor . | . . . . Propulsion 13 | 2 7 1 3 Treads 13 | 2 7 1 3 Leg . | . . . . Wheel . | . . . . Hover . | . . . . Flight . | . . . . Utility 10 | . 6 . 4 Device 2 | . 1 . 1 Storage 1 | . 1 . . Processor . | . . . . Hackware . | . . . . Protection 7 | . 4 . 3 Artifact . | . . . . Weapon 17 | 1 9 3 4 Energy Gun 5 | . 2 1 2 Energy Cannon 5 | . 2 2 1 Ballistic Gun 4 | 1 3 . . Ballistic Cannon . | . . . . Launcher 3 | . 2 . 1 Special Weapon . | . . . . Impact Weapon . | . . . . Slashing Weapon . | . . . . Piercing Weapon . | . . . . Special Melee Weapon . | . . . . Unidentified Prototypes . | . . . . Parts Lost 17 | . . 4 13 Power 3 | . . 1 2 Propulsion 7 | . . 1 6 Utility 4 | . . 1 3 Weapon 3 | . . 1 2 Highest Loss Streak 5 | . . 4 5 To Critical Strikes . | . . . . Average Slot Usage (%) 88 | . 97 96 37 Engine 12 | . 14 13 2 Treads 25 | . 27 27 12 Device 5 | . 2 11 . Storage 12 | . 14 14 3 Protection 5 | . 9 . 7 Energy Gun 13 | . 5 24 6 Energy Cannon 2 | . 1 3 1 Ballistic Gun 9 | . 19 . . Peak Build Rating 12 | 6 12 12 12 Average Rating 9 | 6 8 11 6 On Entrance 8 | 6 6 12 8 Naked Turns 54 | . . . 54 Heaviest Build 28 | 12 25 23 28 Greatest Support 80 | 40 40 40 80 Greatest Overweight (x) 1 | . . . 1 Average Overweight (x) . | . . . . Largest Inventory Capacity 10 | 8 10 10 10 Average Capacity 9 | 8 9 10 6 Most Carried 10 | 6 10 10 6 Average Carried 8 | 5 8 9 4 Final Capacity 10 | 8 10 10 5 Final Carried 10 | 4 10 7 5 Class Distribution -------------------- 100% | Mutant Dominant Class ---------------- Mutant | -10/Materials Mutant | -10/Subcaves Mutant | -8/Materials Resources | -11 -10 -10 -8 ----------- Run | Yrd Mat Sub Mat Matter Collected 743 | 188 220 145 190 Remotely . | . . . . Salvage Created 605 | . 237 101 267 Parts 41 | . 20 6 15 Haulers Intercepted 2 | . 2 . . Recyclers Shooed 2 | . 1 . 1 Parts Field Recycled . | . . . . Retrieved Matter . | . . . . Parts Self-Destructed 16 | . . 16 . Prevented . | . . . . Kills | -11 -10 -10 -8 ------- Run | Yrd Mat Sub Mat Combat Hostiles Destroyed 22 | . 10 4 8 Guns 7 | . 2 3 2 Cannons 3 | . . 1 2 AOE 12 | . 8 . 4 Classes Destroyed 10 | . 4 2 4 Hauler 2 | . 2 . . Mechanic 1 | . . . 1 Operator 1 | . 1 . . Watcher 1 | . . . 1 Swarmer 7 | . 6 1 . Grunt 9 | . 4 . 5 Duelist 1 | . . . 1 Sentry 2 | . . 1 1 Hunter 1 | . . . 1 Subdweller 2 | . . 2 . Best Kill Streak 9 | . 9 2 6 Combat Bots Only 8 | . 8 2 4 Max Kills in Single Turn 5 | . 5 1 2 Gunslinging . | . . . . Exploded 5 | . 5 . 1 Melee . | . . . . Uniques/NPCs Destroyed . | . . . . Combat | -11 -10 -10 -8 -------- Run | Yrd Mat Sub Mat Hostile Shots Fired 189 | . 19 33 137 Missed 52 | . 6 8 38 Damage Taken 2576 | . 144 645 1787 Core 798 | . 30 192 576 Absorbed by Shields . | . . . . Core Remaining (%) 55 | 100 . 11 . Volleys Fired 88 | . 21 31 36 Largest 2 | . 2 2 2 Hottest 133 | . 130 133 133 Shots Fired 122 | . 36 46 40 Gun 72 | . 29 24 19 Cannon 38 | . 3 22 13 Launcher 12 | . 4 . 8 Special . | . . . . Kinetic 23 | . 23 . . Thermal 87 | . 9 46 32 Explosive 12 | . 4 . 8 Electromagnetic . | . . . . Robot Hit Streak 27 | . 7 27 9 Robot Miss Streak 7 | . 3 6 7 Penetration Max . | . . . . Secondary Targets . | . . . . Shots Hit Robots 81 | . 24 25 32 Core Hits 82 | . 23 18 41 Critical Kills . | . . . . Critical Parts Destroyed . | . . . . Critical Strikes . | . . . . Melee Attacks . | . . . . Impact . | . . . . Slashing . | . . . . Piercing . | . . . . Sneak Attacks . | . . . . Combat Hostiles . | . . . . Follow-up Attacks . | . . . . Damage Inflicted 2161 | . 767 426 968 Guns 749 | . 175 323 251 Cannons 321 | . 52 103 166 Explosions 1090 | . 540 . 550 Melee . | . . . . Ramming 1 | . . . 1 Kinetic 108 | . 108 . . Thermal 962 | . 119 426 417 Explosive 1090 | . 540 . 550 Electromagnetic . | . . . . Impact . | . . . . Slashing . | . . . . Piercing . | . . . . Highest Corruption 3 | . 3 3 . Average Corruption 2 | . 2 3 . Corruption Purged . | . . . . Corruption Blocked . | . . . . Effects 34 | . 14 20 . Message Errors 6 | . . 6 . Matter Fused 7 | . 3 4 . Heat Flow Errors 6 | . 4 2 . Energy Discharges 4 | . 1 3 . Data Loss (minor) 5 | . 3 2 . Data Loss (major) 1 | . . 1 . Misfires 3 | . 1 2 . Alerts 2 | . 2 . . Overload Shots . | . . . . Overflow Damage 67 | . 50 . 17 Projectiles . | . . . . Explosions 67 | . 50 . 17 Melee . | . . . . Knockbacks . | . . . . Impact . | . . . . Kinetic . | . . . . Secondary . | . . . . Self-Inflicted Damage 7 | . . . 7 Shots 1 | . . . 1 Rammed 1 | . . . 1 Targets Rammed 1 | . . . 1 Kicked . | . . . . Crushed . | . . . . Highest Temperature 619 | . 281 170 619 Average Temperature 173 | . 80 61 267 Received Heat Transfer 843 | . 63 33 747 Effects 15 | . 1 . 14 Energy Bleed 4 | . 1 . 3 Interference 1 | . . . 1 Matter Decay 2 | . . . 2 Short Circuit 1 | . . . 1 Damage (minor) 1 | . . . 1 Damage (major) 6 | . . . 6 Siege Activations . | . . . . Robots Corrupted . | . . . . Combat Hostiles . | . . . . Parts Fried . | . . . . Impact Corruptions . | . . . . Robots Melted . | . . . . Combat Hostiles . | . . . . Parts Melted 1 | . . . 1 Heat Transferred 1387 | . 191 580 616 Parts Sabotaged . | . . . . Parts Stolen . | . . . . Parts Stripped . | . . . . Power Chain Reactions . | . . . . Alert | -11 -10 -10 -8 ------- Run | Yrd Mat Sub Mat Peak Influence 258 | . 258 . 256 Initial . | . . . . Average 109 | . 117 . 87 Maximum Alert Level 1 | . 1 . 1 Low Security (%) 75 | 100 72 . 82 Level 1 25 | . 27 . 17 Level 2 . | . . . . Level 3 . | . . . . Level 4 . | . . . . Level 5 . | . . . . High Security . | . . . . Max Security . | . . . . Squads Dispatched 5 | . 2 . 3 Investigation 2 | . 1 . 1 Extermination . | . . . . Reinforcement 3 | . 1 . 2 Assault . | . . . . Garrison . | . . . . Intercept . | . . . . Searches Triggered . | . . . . Construction Impeded . | . . . . Haulers Reinforced . | . . . . Active Scanning Responses . | . . . . Cargo Convoy Interrupts . | . . . . Stealth | -11 -10 -10 -8 --------- Run | Yrd Mat Sub Mat Distress Signals 1 | . . . 1 Communications Jammed . | . . . . Distress Signals . | . . . . Times Spotted 47 | . 20 5 22 Peak Tracking Total 10 | . 9 2 10 Tactical Retreats . | . . . . Traps | -11 -10 -10 -8 ------- Run | Yrd Mat Sub Mat Traps Triggered 7 | . 7 . . Indirectly . | . . . . Trap Hack Attempts . | . . . . Triggered . | . . . . Disarmed . | . . . . Reprogrammed . | . . . . Reused . | . . . . Traps Extracted . | . . . . Installed . | . . . . Triggered . | . . . . Machines | -11 -10 -10 -8 ---------- Run | Yrd Mat Sub Mat Machines Disabled 2 | . 2 . . Max in Single Turn 1 | . 1 . . Machines Repaired . | . . . . Machines Dismantled . | . . . . Machines Sabotaged . | . . . . Overloaded Fab Kills . | . . . . Hacking | -11 -10 -10 -8 --------- Run | Yrd Mat Sub Mat Machines Accessed 11 | . 7 . 4 Terminals 7 | . 6 . 1 Fabricators . | . . . . Repair Stations 2 | . . . 2 Recycling Units 2 | . 1 . 1 Scanalyzers . | . . . . Garrison Access . | . . . . Total Hacks 37 | . 24 . 13 Successful 18 | . 12 . 6 Failed 19 | . 12 . 7 Catastrophic 2 | . . . 2 Database Lockouts . | . . . . Manual 23 | . 15 . 8 Terminals 18 | . 16 . 2 Fabricators . | . . . . Repair Stations 4 | . . . 4 Recycling Units 15 | . 8 . 7 Scanalyzers . | . . . . Garrison Access . | . . . . Terminal Hacks 6 | . 6 . . Robot Analysis 5 | . 5 . . Terminal Index 1 | . 1 . . Fabricator Hacks . | . . . . Repair Station Hacks 1 | . . . 1 Refit 1 | . . . 1 Recycling Unit Hacks 3 | . 2 . 1 Retrieve Matter 1 | . 1 . . Retrieve Components 2 | . 1 . 1 Scanalyzer . | . . . . Garrison Access Hacks . | . . . . Unauthorized Hacks 8 | . 4 . 4 Terminals 1 | . 1 . . Botnet 1 | . 1 . . Fabricators . | . . . . Repair Stations . | . . . . Recycling Units 7 | . 3 . 4 Monitor 1 | . . . 1 Reject 2 | . 1 . 1 Recyclers 2 | . 1 . 1 Mask 2 | . 1 . 1 Scanalyzers . | . . . . Garrison Access . | . . . . Data Cores Recovered . | . . . . Used . | . . . . Hacking Detections 10 | . 7 . 3 Full Trace Events 1 | . . . 1 Feedback Events . | . . . . Feedback Blocked . | . . . . Robot Schematics Acquired . | . . . . Robots Built . | . . . . Authchips . | . . . . Time . | . . . . Total Robot Build Rating . | . . . . Part Schematics Acquired . | . . . . Parts Built . | . . . . Authchips . | . . . . Time . | . . . . Total Part Build Rating . | . . . . Parts Repaired . | . . . . Time . | . . . . Parts Recycled . | . . . . Recycled Matter . | . . . . Retrieved Matter . | . . . . Retrieved Components 3 | . 1 . 2 Parts Scanalyzed . | . . . . Part Schematics Acquired . | . . . . Parts Damaged . | . . . . Bothacking | -11 -10 -10 -8 ------------ Run | Yrd Mat Sub Mat Used RIF Installer . | . . . . Robots Hacked . | . . . . Non-combat . | . . . . Combat . | . . . . Robot Hacks Applied . | . . . . Relay Couplers Released . | . . . . Fabnet Peak Effective % . | . . . . Robots Rewired . | . . . . Allies Hacked . | . . . . Hacks Repelled . | . . . . Allies | -11 -10 -10 -8 -------- Run | Yrd Mat Sub Mat Total Allies . | . . . . Largest Group . | . . . . Highest-Rated Group . | . . . . Highest-Rated Ally . | . . . . Total Orders . | . . . . Ally Attacks . | . . . . Total Damage . | . . . . Kills . | . . . . Allies Corrupted . | . . . . Allies Melted . | . . . . Intel | -11 -10 -10 -8 ------- Run | Yrd Mat Sub Mat Robot Analysis Total 5 | . 5 . . Derelict Logs Recovered 1 | . . 1 . Drone Launches . | . . . . Drone Recoveries . | . . . . Exploration | -11 -10 -10 -8 ------------- Run | Yrd Mat Sub Mat Turns Passed 2432 | 8 1105 984 335 Spaces Moved 1503 | 2 624 560 317 Core 231 | . . . 231 Treads 1223 | 2 624 560 37 Legs . | . . . . Wheels . | . . . . Hover 49 | . . . 49 Flight . | . . . . Fastest Speed 50 | 160 160 160 50 Average Speed 141 | 160 160 160 73 Slowest Speed 180 | 160 160 160 180 Overloaded Moves . | . . . . Propulsion Burnouts . | . . . . Robots Hopped . | . . . . Cave-ins Triggered . | . . . . Exploration Rate (%) 40 | 2 96 34 29 Regions Visited 3 Branch Regions 1 Pre-discovered Areas . | . . . . Known Exits Taken . | . . . . Unknown Exits Taken 3 | 1 1 1 . Scrap Searched . | . . . . Spaces Dug . | . . . . Terrain Destroyed 59 | . 17 . 42 Melee . | . . . . Projectile . | . . . . AOE 59 | . 17 . 42 Terrain Rammed . | . . . . Walls Destroyed . | . . . . Machines Disabled . | . . . . Actions | -11 -10 -10 -8 --------- Run | Yrd Mat Sub Mat Total 1687 | 6 697 603 381 Wait 18 | . 6 8 4 Move 1500 | 1 623 559 317 Hop . | . . . . Pick Up 17 | . 15 . 2 Fast Attach 16 | . 11 . 5 Attach 12 | . 4 3 5 Detach 3 | . . . 3 Swap 14 | 3 7 2 2 Drop 18 | 2 10 . 6 Fire 88 | . 21 31 36 Melee . | . . . . Ram 1 | . . . 1 Kick . | . . . . Crush . | . . . . Escape Stasis . | . . . . Rewire . | . . . . Trap . | . . . . Miscellaneous . | . . . . Route ------- -11/Scrapyard -10/Materials (discovered 6 exits: [*Mat x3] / [*Min x2] / [*Sub]) -10/Subcaves (discovered 2 exits: *Mat / Rec) -8/Materials History --------- Turn | Location | Event 7 | -11/Scrapyard | Discovered new exit (range 1) 9 | -11/Scrapyard | Entered Materials 111 | -10/Materials | Discovered new exit (range 15) 126 | -10/Materials | Destroyed 8 combat bots 224 | -10/Materials | Discovered new exit (range 14) 316 | -10/Materials | Build established: Mutant 734 | -10/Materials | Discovered new exit (range 8) 940 | -10/Materials | Discovered new exit (range 8) 1069 | -10/Materials | Discovered new exit (range 16) 1104 | -10/Materials | Discovered new exit (range 7) 1114 | -10/Materials | Entered Subcaves 1134 | -10/Subcaves | Discovered new exit (range 5) 1355 | -10/Subcaves | Shifting Twisted Machinery released Battle Cannon 1579 | -10/Subcaves | Identified exit to Recycling 1890 | -10/Subcaves | Core integrity fell below 50% 1920 | -10/Subcaves | Core integrity fell below 20% 1936 | -10/Subcaves | Lost 4 parts (1p1n1u1w) 2098 | -10/Subcaves | Entered Materials 2098 | -8/Materials | Evolved 4 slots: Propulsion x2, Utility x2 2210 | -8/Materials | Lost 4 parts (1p2n1u) 2253 | -8/Materials | Lost 4 parts (2n1u1w) 2399 | -8/Materials | Core integrity fell below 50% 2427 | -8/Materials | Core integrity fell below 20% 2433 | -8/Materials | Destroyed by H-61 Shepherd with Heavy Assault Cannon Last Messages --------------- 02399_ The unstable cave ceiling collapses. 02399_ U-05 Engineer lays Concrete. 02400_ U-05 Engineer builds a Wall. 02404_ U-05 Engineer lays Concrete. 02407_ Backup Propulsion I destroyed. 02407_ U-05 Engineer builds a Wall. 02411_ U-05 Engineer lays Concrete. 02417_ Arm. Treads destroyed. 02418_ Y-45 Defender destroyed. 02421_ ALERT: Hostiles spotted, dispatching reinforcements to Terminal M004. 02422_ Imp. Light Armor Plating destroyed. 02423_ Critical hit (Burn: +37). 02424_ Acquired 2 matter. 02425_ Acquired 48 matter. 02426_ Knocked back. 02427_ >> MONITOR: Recycling Unit M001 accepting Grenade Launcher (100%). 02428_ Knocked back. 02429_ U-05 Engineer builds a Wall. 02430_ >> MONITOR: Recycling Unit M001 accepting Med. Storage Unit (46%). Map ----- +----------------------------------------------------+ | | | | | | | | | | | | | | | | | | | | | ?????????????????????????????????? | | ?????????????????????????????????? | | ?????????????????????????????????? | | ?????????????????????????????????? | | ?????????????????????????????????? | | ?????????????????????????????????? | | ?????????????????????????????????? | | ?????????????????????????????????? | | ?????????????????????????????????? | | ?????????????????????????????????? | | ???????????????#####?????????????? | | ???????####??? "T" #?????????????? | | ???????# #??? ??????????????? | | ???????# #?? ??????????????? | | ???????+ %#??! ???????????????? | | ???????# @#? ???????????????? | | ???????# #? """ ??????????????? | | ???????# # """ ??????????????? | | ???????# # """ #?????????????? | | ???????# + #?????????????? | | ???????# #########??????????????? | | ??????## ;# ################# | | ??????# #% ! % | | ??????# H ! [ | | ??????# % r | | ??????# #] ################# | | ??????##+#### "#?????????????? | | ????????????# ##?????????????#"S | | ????????????# #??????????????#"" | | ????????????# #??????????????# " | | ????????????# #??????????????# | | ????????????# #??????????????# | | ????????????# #??????????????### | | ????????????# #????????????????? | | ????????????# #????????????????? | | ????????????# #????????????????? | | ????????????# #????????????????? | | ????????????# #????????????????? | | ????????????? ?????????????????? | | ?????????????????????????????????? | +----------------------------------------------------+ Best States ------------- Heat Dissipation 39 Energy Generation 14 Energy Capacity 250 Matter Stores 300 Matter Capacity 300 Sight Range 16 Terrain Scan Density 10 Base Temperature (-) 100 Armor Coverage 300 Evasion (%) 50 Recoil Reduction 4 Item Schematics ----------------- None Robot Schematics ------------------ None Fabricated ------------ Nothing Alien Tech Used ----------------- None Achievements -------------- None Challenges ------------ None Game ------ Seed PhasingPulseBuckler Manual? 0 Play Time 00:22:49 Cumulative 153.2 hours Start 2024.08.21 @ 20:42:02 End 2024.08.22 @ 17:24:25 Sessions 2 Manual Loads 0 Difficulty Rogue Special Mode None Game No. 124 Rogue 124 Adventurer 0 Explorer 0 Win Type - Total 6 Types 2/0/3/1/0/0/0/0/0 Lore% 68 Gallery% 64 Achievement% 58 Wizard Run 0 Options --------- Layout 0 ASCII 0 Keyboard 0 Movement Arrows Keybinds 0 Fullscreen 2 Font 18/SmallcapsGlow Map View 76x50 Zoom Use 0% Tactical HUD 1 Map Filters NONE Filters NONE Steam 1 RUN: 5ff4e4fe-71a1-4842-aedd-ae8d69cb4503